 Dungeon Crawl Stone Soup version 0.25.1-8-g42b30a86e7 (webtiles) character file.

Game seed: 5313718283624599621

995 Azimut41r the Slinger (level 8, -1/52 HPs)
             Began as a Halfling Hunter on Dec 12, 2020.
             Was an Initiate of Gozag.
             Shot with an arrow by a centaur (7 damage)
             ... on level 6 of the Dungeon.
             The game lasted 00:48:53 (6365 turns).

Azimut41r the Slinger (Halfling Hunter)             Turns: 6365, Time: 00:48:53

Health: -1/52      AC:  4    Str: 13    XL:     8   Next: 42%
Magic:  8/8        EV: 19    Int:  9    God:    Gozag
Gold:   447        SH:  0    Dex: 17    Spells: 7/7 levels left

rFire    . . .     SeeInvis .   a - +1 hunting sling
rCold    . . .     Gourm    .   (shield restricted)
rNeg     . . .     Faith    .   c - +0 leather armour
rPois    .         Spirit   .   (no helmet)
rElec    .         Reflect  .   (no cloak)
rCorr    .         Harm     .   (no gloves)
MR       .....                  t - -2 pair of boots
Stlth    +++.......             (no amulet)
HPRegen  0.17/turn              p - +4 ring of evasion
MPRegen  0.11/turn              u - ring of stealth

@: no status effects
A: small, yellow scales 1, mutation resistance 1
a: Potion Petition, Call Merchant, Bribe Branch, Renounce Religion


You were on level 6 of the Dungeon.
You worshipped Gozag.
Gozag was aware of your devotion.
You were hungry.

You visited 1 branch of the dungeon, and saw 6 of its levels.

You collected 492 gold pieces.
You paid 45 gold pieces to Gozag.

Inventory:

Hand Weapons
 a - a +1 hunting sling (weapon)
 b - a +0 short sword
 d - a +4 quarterstaff of chaos
 g - a +0 whip
 y - a +2 spear of venom
 A - the +2 mace of the Seven Interlopers {speed, *Contam rF++ SInv Stlth+}
   (You found it on level 4 of the Dungeon)

   Attacks with this weapon are significantly faster.
   It greatly protects you from fire.
   It lets you see invisible.
   It causes magical contamination when unequipped.
   It makes you more stealthy.
 C - the +5 long sword "Voj Home" {vorpal, rElec rPois rC++ MR-}
   (You found it on level 5 of the Dungeon)

   It inflicts extra damage upon your enemies.
   It greatly protects you from cold.
   It insulates you from electricity.
   It protects you from poison.
   It affects your resistance to hostile enchantments.
 M - a cursed -2 arbalest
Missiles
 m - 71 stones
 o - 164 arrows
 B - 4 boomerangs
 D - 30 sling bullets (quivered)
 E - 3 javelins
Armour
 c - a +0 leather armour (worn)
 e - a +0 ring mail
 n - a +1 cloak
 r - a +0 scale mail
 t - a -2 pair of boots (worn)
Jewellery
 p - a +4 ring of evasion (left hand)
 u - a ring of stealth (right hand)
 z - an uncursed ring of see invisible
Wands
 H - a wand of flame (14)
 I - a wand of clouds (3)
 O - a wand of iceblast (8)
Scrolls
 h - a scroll of enchant weapon {unknown}
 j - 5 scrolls of identify
 k - 2 scrolls of remove curse
 l - a scroll of random uselessness {unknown}
 s - a scroll of teleportation {unknown}
 v - a scroll of fog {unknown}
 w - a scroll of immolation {unknown}
 J - a scroll of amnesia {unknown}
 N - a scroll of noise {unknown}
Potions
 i - 4 potions of curing
 q - 4 potions of stabbing
 x - a potion of degeneration
 F - a potion of lignification {unknown}
 G - a potion of magic {unknown}
 K - a potion of ambrosia {unknown}
 L - a potion of heal wounds
Comestibles
 f - 8 rations


   Skills:
 + Level 3.5 Fighting
 - Level 11.8(12.0) Slings
 + Level 1.7(5.6) Throwing
 + Level 2.3 Armour
 + Level 2.9 Dodging
 + Level 2.2 Stealth


You had 7 spell levels left.
You didn't know any spells.
Your spell library was empty.

Dungeon Overview and Level Annotations

Branches:
Dungeon (6/15)             Temple (0/1) D:6

Altars:
Ashenzari
Cheibriados
Gozag
Kikubaaqudgha
Qazlal
Ru
Sif Muna
Vehumet


Innate Abilities, Weirdness & Mutations

You are small and have problems with some larger weapons.
You are somewhat resistant to further mutation.
You are partially covered in yellow scales. (AC +2)


Message History

* * * LOW HITPOINT WARNING * * *
You feel better.
The centaur shoots an arrow.
The arrow barely misses you.
You see here an arrow.
The centaur shoots an arrow.
The arrow hits you!
* * * LOW HITPOINT WARNING * * *
You see here an arrow.
The centaur shoots an arrow.
The arrow hits you.
* * * LOW HITPOINT WARNING * * *
You see here an arrow.
Okay, then.
Evoke which item? (* to show all) (? for menu, Esc to quit)
Aiming: Cloud Cone
Press: ? - help, Dir - move target cursor, f/p - centaur
Aim: a centaur, wielding a +0 shortbow and quivering 3 arrows (heavily wounded)
You create a blast of freezing vapour!
The centaur is engulfed in freezing vapours.
The centaur shoots an arrow.
The arrow hits you!
You die...
Your body crumbles into a pile of gold.

..#..# #.# #. #.#..# .# ####.#
#.. .....# .# ##.##.# #...
#.##.##.## ##.#.#.# ##....
#....#...######.###..#######c....
..##...#.......## ##§.....(......
.........######.###c§#.#####.....
.##...##########.#§#.#.# ##...$
......).........@§§§§..# #...
.###.###.#########.###.# ### .#
#.# #...........# #.#
.###.###.#########.###.#
.........# #.....# ....<.####
####### #######


You could see a centaur.

Vanquished Creatures
  2 sky beasts
  An ogre (D:6)
  A centaur (D:5)
  A scorpion (D:4)
  2 crimson imps (D:6)
  3 orc priests
  A bullfrog skeleton (D:6)
  2 orc wizards
  Crazy Yiuf (D:3)
  Ijyb (D:3)
  An iguana (D:5)
  3 worker ants
  2 hound skeletons
  A howler monkey zombie (D:5)
  3 gnolls (D:2)
  3 adders
  2 oozes
  An adder skeleton (D:4)
  3 worms
  4 dart slugs
  6 leopard geckos
  6 orcs
  A ball python (D:4)
  3 giant cockroaches
  3 goblins (D:1)
  5 hobgoblins
  9 jackals
  5 kobolds
  2 quokkas
  9 bats
  2 frilled lizards
  A quokka skeleton (D:6)
  10 rats
100 creatures vanquished.

Notes
Turn   | Place    | Note
-------+----------+-------------------------------------------
     0 | D:1      | Azimut41r the Halfling Hunter began the quest for the Orb.
     0 | D:1      | Reached XP level 1. HP: 14/14 MP: 1/1
    23 | D:1      | Reached skill level 6 in Slings
    58 | D:1      | Reached XP level 2. HP: 12/19 MP: 2/2
   327 | D:1      | Reached XP level 3. HP: 24/24 MP: 3/3
   377 | D:1      | Reached skill level 7 in Slings
   785 | D:2      | Reached XP level 4. HP: 29/29 MP: 4/4
   874 | D:2      | Found a snail-covered altar of Cheibriados.
  1120 | D:2      | Reached skill level 8 in Slings
  1418 | D:2      | Found a shattered altar of Ashenzari.
  1504 | D:2      | Reached XP level 5. HP: 34/34 MP: 5/5
  2146 | D:3      | Reached skill level 9 in Slings
  2284 | D:3      | Found a sacrificial altar of Ru.
  2457 | D:4      | Reached skill level 1 in Armour
  2457 | D:4      | Reached XP level 6. HP: 41/41 MP: 6/6
  2519 | D:4      | Found an opulent altar of Gozag.
  2533 | D:4      | Became a worshipper of Gozag Ym Sagoz the Greedy
  2970 | D:4      | Noticed Ijyb
  3220 | D:4      | Found a runed translucent door.
  3221 | D:4      | Noticed Crazy Yiuf
  3235 | D:4      | Paralysed by Crazy Yiuf for 2 turns
  3278 | D:3      | Killed Crazy Yiuf
  3778 | D:3      | Killed Ijyb
  4137 | D:4      | Found a shimmering blue altar of Sif Muna.
  4198 | D:4      | Found a stormy altar of Qazlal.
  4207 | D:4      | Found an ancient bone altar of Kikubaaqudgha.
  4210 | D:4      | Found a radiant altar of Vehumet.
  4330 | D:4      | Reached skill level 10 in Slings
  4330 | D:4      | Reached XP level 7. HP: 24/45 MP: 7/7
  4639 | D:4      | Got an encrusted mace
  4640 | D:4      | Identified the cursed +2 mace of the Seven Interlopers
                  | {speed, *Contam rF++ SInv Stlth+} (You found it on level 4
                  | of the Dungeon)
  4692 | D:5      | Entered Level 5 of the Dungeon
  4714 | D:4      | Gained mutation: You are partially covered in yellow
                  | scales. (AC +2) [mutagenic glow]
  5144 | D:5      | Reached skill level 1 in Throwing
  5274 | D:5      | Got an iridescent long sword
  5275 | D:5      | Identified the +5 long sword "Voj Home" {vorpal, rElec
                  | rPois rC++ MR-} (You found it on level 5 of the Dungeon)
  5920 | D:6      | Reached skill level 11 in Slings
  5920 | D:6      | Reached XP level 8. HP: 52/52 MP: 8/8
  5937 | D:6      | Found a staircase to the Ecumenical Temple.
  6365 | D:6      | Shot with an arrow by a centaur

Illustrated notes

Levels and vault maps discovered:
D:1:      tarquinn_simple_flora_water_e, layout_rooms, minmay_split_cup_small
D:2:      layout_basic, ashenzari_altar_1, first_ration, kennysheep_slug_shrine
D:3:      layout_rooms, nicolae_ru_sacrificial_ziggurat
D:4:      layout_cave_pools, lemuel_doored_altar,
          grunt_temple_overflow_cloverleaf, chequers_mini_garden, uniq_ijyb,
          uniq_crazy_yiuf_cottage
D:5:      layout_loops_corners, kennysheep_decorative_pillar
D:6:      layout_loops_ring, minmay_temple_entry_ruins

Skill      XL: |  1  2  3  4  5  6  7  8 |
---------------+-------------------------+-----
Slings         | 6 7 8 9 10 11 | 11.8
Fighting       | 2 3 |  3.5
Armour         | 1 2 |  2.3
Throwing       | 1 |  1.7
Stealth        | 2 |  2.2
Dodging        | |  2.9

Action                   |  1- 3 |  4- 6 |  7- 9 || total
-------------------------+-------+-------+-------++-------
 Fire: Hunting sling     |    76 |   235 |   153 ||   464
Throw: Stone             |       |    28 |       ||    28
Evoke: Wand              |       |       |     2 ||     2
  Use: Scroll            |       |     5 |     2 ||     7
       Potion            |       |     8 |     1 ||     9
  Eat: Chunk             |       |     5 |       ||     5
       Ration            |       |     1 |     2 ||     3
Armor: Leather armour    |     2 |     9 |     3 ||    14
Dodge: Dodged            |     8 |    57 |    24 ||    89
